 Dungeon Crawl Stone Soup version 0.31-a0-8-gd14b0f4ee2 (webtiles) character file.

Game seed: 12611326765495562368

31 Kuronicle the Trooper (level 3, 33/33 HPs)
             Began as a Draconian Berserker on May 6, 2023.
             Was a Follower of Trog.
             Quit the game on level 1 of the Dungeon.
             The game lasted 00:01:29 (681 turns).

Kuronicle the Trooper (Draconian Berserker)          Turns: 681, Time: 00:01:29

Health: 33/33      AC:  5    Str: 19    XL:     3   Next: 7%
Magic:  3/3        EV: 12    Int:  7    God:    Trog [*.....]
Gold:   54         SH:  0    Dex: 12    Spells: 2/2 levels left

rFire   . .          .
                       - Unarmed
rCold   . . .        (no shield)
rNeg    . . .        (body armour unavailable)
rPois   .            (helmet restricted)
rElec   .            (no cloak)
rCorr   .            (no gloves)
SInv    .            (no boots)
Will    .....        (no amulet)
Stlth   +            (no ring)
HPRegen 0.25/turn    (no ring)
MPRegen 0.08/turn

%: no passive effects
@: no status effects
A: AC +5, unfitting armour, cold-blooded
a: Renounce Religion, Berserk


You were on level 1 of the Dungeon.
You worshipped Trog.
Trog was aware of your devotion.
You visited 1 branch of the dungeon, and saw 1 of its levels.

You collected 54 gold pieces.

Inventory:

Scrolls
 a - 2 scrolls of identify {unknown}
 b - a scroll of vulnerability {unknown}
 c - a scroll of noise {unknown}
 d - a scroll of enchant weapon {unknown}
 f - a scroll of silence {unknown}
Potions
 e - a potion of curing {unknown}
 g - 2 potions of haste {unknown}


   Skills:
 * Level 3.9 Fighting
 + Level 3.1 Dodging
 * Level 0.8 Stealth
 - Level 3.1 Unarmed Combat


You had 2 spell levels left.
You didn't know any spells.
Your spell library was empty.

Dungeon Overview and Level Annotations

Branches:
Dungeon (1/15)

Altars:


Innate Abilities, Weirdness & Mutations

Your plain brown scales are hard. (AC +5)
You cannot fit into any form of body armour.
You are cold-blooded and may be slowed by cold attacks.


Message History

The goblin is severely wounded.
The goblin barely misses you.
You hit the goblin.
You kill the goblin!
Trog accepts your kill.
You see here a +0 dagger.
g - 2 lumpy yellow potions A rat comes into view.
A rat is nearby!
Found 14 gold pieces.
The rat closely misses you.
You punch the rat!
You kill the rat!
Trog accepts your kill.
You have reached level 3!
Your experience leads to an increase in your attributes!
Increase (S)trength, (I)ntelligence, or (D)exterity?
You feel agile. x2; Your scales feel tougher.
You now have 54 gold pieces (gained 14).
An endoplasm comes into view.
The endoplasm hits you.
You hit the endoplasm.
The endoplasm is moderately wounded.
The endoplasm freezes you.
You are frozen.
You feel yourself slow down.
You hit the endoplasm.
You kill the endoplasm!
Trog accepts your kill.
You feel yourself speed up.
A bat comes into view.
The bat barely misses you. The bat closely misses you.
You hit the bat.
You kill the bat!
Trog accepts your kill.
Found a ring mail.
You see here a bat corpse.
You see here a +0 ring mail.
Done exploring.
Done exploring.
Are you sure you want to abandon this character and quit the game? (Confirm with "yes".)

##.............##
♣♣.♣.♣
##.....#.....##
♣.♣♣♣
###..####.###
♣...♣ #.## #.####
♣♣♣.♣♣ #.# #....#
♣.♣.♣ #.# #....#
♣>..♣ #.# #....#
♣♣♣.♣
#.#####....#
#####.###
#.....†@...#
#........
#######....#
##......# #[...#
######## #....# #
#....# # ######


There were no monsters in sight!

Vanquished Creatures
  A dart slug (D:1)
  A bat (D:1)
  4 endoplasms (D:1)
  3 giant cockroaches (D:1)
  3 goblins (D:1)
  5 hobgoblins (D:1)
  2 kobolds (D:1)
  2 quokkas (D:1)
  A frilled lizard (D:1)
  2 rats (D:1)
24 creatures vanquished.

Notes
Turn   | Place    | Note
-------+----------+-------------------------------------------
     0 | D:1      | Kuronicle the Draconian Berserker began the quest for the
                  | Orb.
     0 | D:1      | Reached XP level 1. HP: 19/19 MP: 1/1
   213 | D:1      | Reached XP level 2. HP: 26/26 MP: 2/2
   635 | D:1      | Reached XP level 3. HP: 33/33 MP: 3/3
   681 | D:1      | Quit the game

Illustrated notes

Levels and vault maps discovered:
D:1:      roderic_dead_forest, layout_rooms, dk_noncrumbling_2,
          chequers_serial_rivers_room_a

Skill      XL: |  1  2 |
---------------+-------+-----
Dodging        | 3 |  3.1
Fighting       | |  3.9
Stealth        | |  0.8
Unarmed Combat | |  3.1

Action                     || total
---------------------------++-------
  Melee: Unarmed           ||    85
         Tailslap          ||     9
         Punch             ||     2
   Stab: Sleeping          ||     1
 Armour: Skin              ||    28
  Dodge: Dodged            ||    59

Table legend: (Time is in decaauts)
 A = Elapsed time spent in this place.
 B = Non-inter-level travel time spent in this place.
 C = Inter-level travel time spent in this place.
 D = Time resting spent in this place.
 E = Time spent auto-exploring this place.
 F = Levels seen in this place.
 G = Mean time per level.
                   A        B        C        D        E       F      G
               +--------+--------+--------+--------+--------+-----+--------+
         Total |    681 |    681 |      0 |      0 |    421 |   1 |  681.0 |
       Dungeon |    681 |    681 |      0 |      0 |    421 |   1 |  681.0 |
               +--------+--------+--------+--------+--------+-----+--------+

Top non-repeatable levels by time:
     D:1: 681 daAuts
